 Dungeon Crawl Stone Soup version 0.19.0-2-gae57169 (webtiles) character file.

125 Janus the Chiller (level 4, -5/36 HPs)
             Began as a Draconian Wanderer on Nov 6, 2016.
             Killed themself with a badly aimed iceblast (17 damage)
             ... on level 3 of the Dungeon.
             The game lasted 00:08:56 (2894 turns).

Janus the Chiller (Draconian Wanderer)              Turns: 2894, Time: 00:08:56

Health: -5/36      AC:  5    Str: 15    XL:     4   Next: 82%
Magic:  6/6        EV: 12    Int: 14    God:
Gold:   122        SH:  6    Dex:  9    Spells: 0 memorised, 6 levels left

rFire  . . .     SeeInvis .     d - +0 club
rCold  . . .     Gourm    .     (armour unavailable)
rNeg   . . .     Faith    .     (no shield)
rPois  .         Spirit   .     (helmet restricted)
rElec  .         Reflect  +     (no cloak)
rCorr  .         Harm     .     (no gloves)
MR     +....                    (no boots)
Stlth  ++........               g - +6 amulet of reflection
                                (no ring)
                                o - ring of protection from magic

@: no status effects
A: unfitting armour, cold-blooded, AC +5
a: no special abilities


You were on level 3 of the Dungeon.
You were not hungry.

You visited 1 branch of the dungeon, and saw 3 of its levels.

You collected 122 gold pieces.

Inventory:

Hand Weapons
 d - a +0 club (weapon)
Jewellery
 g - a +6 amulet of reflection (around neck)
 o - a ring of protection from magic (left hand)
Wands
 c - a wand of iceblast (7/15)
Scrolls
 e - 2 scrolls of identify
 h - a scroll of fog {unknown}
 k - a scroll of remove curse {unknown}
Potions
 i - a potion of heal wounds {unknown}
 j - a potion of invisibility {unknown}
 l - a potion of ambrosia {unknown}
 n - a potion of lignification {unknown}
 q - a potion of flight {unknown}
 r - a potion of curing
Books
 a - a book of Frost

   Spells                             Type                      Level
   a - Freeze                         Ice                          1
   b - Throw Frost                    Conjuration/Ice              2
   c - Ozocubu's Armour               Charms/Ice                   3
   d - Throw Icicle                   Conjuration/Ice              4
   e - Summon Ice Beast               Ice/Summoning                4
 b - Urair's Volume of Contamination

   Spells                             Type                      Level
   a - Sting                          Conjuration/Poison           1
   b - Spider Form                    Transmutation/Poison         3
Comestibles
 f - a bread ration
 m - 2 meat rations
 p - a chunk of flesh


   Skills:
 + Level 2.1 Fighting
   Level 2.0(2.6) Axes
 + Level 2.6(3.0) Maces & Flails
 + Level 1.5 Dodging
 + Level 1.6 Stealth
 + Level 1.9 Spellcasting
   Level 1.0 Fire Magic
   Level 3.0 Ice Magic
 + Level 1.0 Evocations


You had 6 spell levels left.
You didn't know any spells.

Dungeon Overview and Level Annotations

Branches:
Dungeon (3/15)

Altars:


Innate Abilities, Weirdness & Mutations

Your plain brown scales are hard. (AC +5)
You cannot fit into any form of body armour.
You are cold-blooded and may be slowed by cold attacks.


Message History

A puff of flame appears from out of thin air!
The puff of flame hits you!
Zapping:
c - a wand of iceblast (8/15)
Press: ? - help, Shift-Dir - straight line, f - jackal
Aim: a jackal The mass of ice explodes!
The iceblast engulfs something.
The iceblast engulfs the orc.
You kill the orc!
The iceblast engulfs you!
This wand has 7 charges left.
You hear an angry hiss.
Something hits you but does no damage.
Zapping:
c - a wand of iceblast (7/15)
Press: ? - help, Shift-Dir - straight line, f/p - jackal
Aim: a jackal The mass of ice explodes!
The iceblast engulfs something.
Reactivating autopickup.
You feel a bit more experienced.
The iceblast engulfs the orc.
You kill the orc!
The iceblast engulfs you!
You die...

##########
#........#
#######........#
#ho))@.........#
hh.S#####........#
. #........#
####<##### #.# #.#
#.# #.# ..#


You could see an adder, an orc and 3 jackals.

Vanquished Creatures
  An orc wizard (D:3)
  3 adders
  3 worms (D:2)
  3 dart slugs
  3 orcs (D:3)
  18 goblins
  A hobgoblin (D:1)
  4 jackals (D:1)
  6 kobolds
  8 bats
  4 frilled lizards (D:1)
  2 rats (D:1)
56 creatures vanquished.

Notes
Turn   | Place    | Note
-------+----------+-------------------------------------------
     0 | D:1      | Janus the Draconian Wanderer began the quest for the Orb.
     0 | D:1      | Janus set off with: a book of Frost, Urair's Volume of Contamination, a potion of curing, a +0 club, a bread ration
     0 | D:1      | Reached XP level 1. HP: 16/16 MP: 2/2
   260 | D:1      | Reached XP level 2. HP: 14/23 MP: 4/4
   954 | D:1      | Reached skill level 1 in Maces & Flails
   958 | D:1      | Reached XP level 3. HP: 29/29 MP: 5/5
  1956 | D:2      | Reached XP level 4. HP: 10/36 MP: 6/6
  2677 | D:3      | Reached skill level 1 in Dodging
  2894 | D:3      | Killed themself with a badly aimed iceblast

Skill      XL: |  1  2  3  4 |
---------------+-------------+-----
Maces & Flails | 1 2 |  2.6
Fighting       | 2 |  2.1
Dodging        | 1 |  1.5
Axes           | |  2.0
Stealth        | |  1.6
Spellcasting   | |  1.9
Fire Magic     | |  1.0
Ice Magic      | |  3.0
Evocations     | |  1.0

Action                   |  1- 3 |  4- 6 || total
-------------------------+-------+-------++-------
Melee: Club              |   212 |    71 ||   283
       Tailslap          |    24 |     7 ||    31
Evoke: Wand              |       |     1 ||     1
  Use: Potion            |     2 |       ||     2
       Scroll            |       |     1 ||     1
 Stab: Sleeping          |     1 |       ||     1
  Eat: Chunk             |     4 |     3 ||     7
Armor: Skin              |    84 |    30 ||   114
Dodge: Dodged            |   156 |    31 ||   187
Block: Other             |       |    24 ||    24
